AoeStats
← TuCAAA :D

Arabian Desert

509527972Analyzed
1v1 RM · 6d ago on Sep 27, 2026· 45m 53s· 2 players
Game mode
Random Map
Map size
Tiny (2 player)
Population
200
Speed
Normal
Resources
Standard
Victory
Conquest
Starting age
Dark Age
Ending age
Imperial Age
RankedLock teamsTeams togetherTeam positionsShared explorationLock speedFull tech treeHidden civsTurbo modeCheats
Victory
Defeat
🇳🇿 Danes · New Zealand
1137
+16
🇦🇷 Franks · Argentina
1138
-16
Toralen
5:08 Loom
9:34 Feudal Age
10:49 Double-Bit Axe
11:00 Horse Collar
20:07 Castle Age
18:59 Forging
21:26 Squires
22:19 Wheelbarrow
22:57 Pikeman
24:24 Heavy Plow
24:36 Bow Saw
26:16 Scale Mail Armor
26:53 Iron Casting
29:56 Hand Cart
30:16 Fletching
31:36 Town Watch
32:26 Gambesons
32:27 Arson
33:02 Stone Mining
35:32 Chain Mail Armor
35:13 Bodkin Arrow
38:12 Imperial Age
39:42 Plate Mail Armor
40:09 Conscription
39:53 Gold Mining
40:02 Elite Varangian Guard
46:57 Blast Furnace
45:59 Bracer
TuCAAA :D
6:57 Loom
9:22 Feudal Age
10:51 Double-Bit Axe
20:25 Castle Age
19:26 Scale Barding Armor
19:32 Forging
20:21 Wheelbarrow
21:41 Husbandry
21:58 Bow Saw
26:16 Iron Casting
28:10 Chain Barding Armor
37:58 Imperial Age
39:20 Heavy Scorpion
46:05 Blast Furnace
45:42 Plate Barding Armor
44:57 Fletching
45:08 Scale Mail Armor
Connection lost

Rejoining the realm…

Still unreachable

The connection could not be restored.

Session expired

The server has moved on; the page needs a fresh start.